 Dungeon Crawl Stone Soup version 0.28-a0-998-gb9e9c7b67e (webtiles) character file.

Game seed: 5120259324570355050

340 ytrimaz the Insei (level 6, -1/41 HPs)
             Began as an Octopode Transmuter on Dec 6, 2021.
             Was a Plaything of Xom.
             Frozen to death by an endoplasm (5 damage)
             ... on level 4 of the Dungeon.
             The game lasted 00:05:49 (5483 turns).

ytrimaz the Insei (Octopode Transmuter)             Turns: 5483, Time: 00:05:49

Health: -1/41      AC:  1    Str: 11    XL:     6   Next: 56%
Magic:  11/11      EV: 13    Int: 18    God:    Xom [.....*]
Gold:   195        SH:  0    Dex: 12    Spells: 7/11 levels left

rFire   . . .      SeeInvis .     - Unarmed
rCold   . . .      Faith    .   (no shield)
rNeg    . . .      Spirit   .   (helmet restricted)
rPois   .          Reflect  .   (no amulet)
rElec   .          Harm     .   (no ring)
rCorr   .          Rampage  .   (no ring)
Will    +....                   (no ring)
Stlth   ++........              (no ring)
HPRegen 0.13/turn               (no ring)
MPRegen 0.12/turn               (no ring)
                                (no ring)
                                (no ring)

@: no status effects
A: almost no armour, amphibious, 8 rings, camouflage 1, gelatinous body 1,
(nimble swimmer 1), tentacles, high mp 1, strong-willed 1, strong 1
a: Renounce Religion


You were on level 4 of the Dungeon.
You worshipped Xom.
You were Xom's teddy bear.
You visited 1 branch of the dungeon, and saw 4 of its levels.

You collected 195 gold pieces.

Inventory:

Wands
 a - a wand of polymorph (13)
Scrolls
 f - 2 scrolls of fog
Potions
 c - a potion of curing
 d - a potion of flight
 e - a potion of lignification
 g - a potion of haste


   Skills:
 * Level 2.8 Fighting
 - Level 2.0 Dodging
 + Level 5.6 Unarmed Combat
 + Level 3.0 Spellcasting
 + Level 2.8 Transmutations
 + Level 0.1 Poison Magic


You had 7 spell levels left.
You knew the following spells:

 Your Spells              Type           Power      Damage    Failure   Level
a - Beastly Appendage     Tmut           24%        N/A       4%          1
b - Spider Form           Tmut/Pois      8%         N/A       26%         3

Your spell library contained the following spells:

 Spells                   Type           Power      Damage    Failure   Level
 Wereblood                Tmut           12%        N/A       8%          2
 Ice Form                 Ice/Tmut       7%         N/A       65%         4


Dungeon Overview and Level Annotations

Branches:
Dungeon (4/15)
 Temple: D:4-7

Altars:
Xom

Annotations:
D:3 2 transporters, AmazingEquinox's ghost, amateur DsAK


Innate Abilities, Weirdness & Mutations

You cannot wear most types of armour.
You are amphibious.
You can wear up to eight rings at the same time.
Your skin changes colour to match your surroundings (Stealth+).
Your rubbery body absorbs attacks. (AC +1, EV +1)
((You are camouflaged near water. (Stealth+)))
You have tentacles for arms and can constrict up to eight enemies at once.
You have an increased reservoir of magic. (+10% MP)
You are strong-willed. (Will+)
Your muscles are strong. (Str +2)


Message History

The gnoll misses you. The gnoll barely misses you.
The gnoll hits you with a +0 spear.
You hit the gnoll.
The gnoll is poisoned.
The gnoll is heavily wounded.
Xom alters the dungeon around you. The gnoll hits you with a +0 spear.
The gnoll hits you with a +0 spear!
* * * LOW HITPOINT WARNING * * *
Unknown command.
Unknown command.
You swap places.
The gnoll misses you. x2
Unknown command.
You hit the gnoll.
The gnoll looks as sick as possible!
The gnoll is heavily wounded.
Your transformation is almost over.
The gnoll closely misses you. x2
Unknown command.
You swap places.
You kill the gnoll!
The gnoll misses your butterfly.
Unknown command.
Things that are here:
a +0 club; 24 stones The gnoll barely misses your butterfly.
Your transformation has ended.
The gnoll completely misses your butterfly.
The gnoll misses your butterfly.
Found 17 arrows.
Found a stone staircase leading up.
Found a pair of gloves.
An endoplasm comes into view.
The gnoll barely misses your butterfly.
The endoplasm quivers.
There is a stone staircase leading up here.
The endoplasm freezes you.
You are frozen.
* * * LOW HITPOINT WARNING * * *
Your butterfly degenerates into a cloud of primal chaos!
The endoplasm freezes you.
You are frozen.
You die... "Boring in life, boring in death..."

, *, **
≈≈≈***,,,,,,,,,,*****
#. ,, ,,, *****,,
,,,,***,,,,,,* ## ,, ,
,,,,, ****** ***,,,,* #
** **,,,,,***≈≈≈≈
≈≈≈****** # ** ****
***≈≈≈≈≈≈≈≈* # **
**≈≈≈≈≈*** #
#############* #
#...........###########
#.....@..[..##.......##
***
#....J...(..##..b......
*
#.....b.....+.........#
*,
#.......b.b.#...bb.....
* *
######......g..bbg.....
* ####..###........# *
#..#,##......##
#..#*,#......##
#...**.......#


You could see a gnoll and an endoplasm.

Vanquished Creatures
  A scorpion (D:4)
  A howler monkey (D:3)
  A bullfrog zombie (D:4)
  An orc wizard (D:3)
  2 adders (D:3)
  3 gnolls (D:4)
  2 worms (D:2)
  4 dart slugs
  10 orcs
  A ball python (D:1)
  11 endoplasms
  5 giant cockroaches
  7 goblins
  7 hobgoblins
  3 jackals (D:2)
  10 kobolds
  4 quokkas
  6 bats
  7 frilled lizards
  4 rats
90 creatures vanquished.

Vanquished Creatures (collateral kills)
  Crazy Yiuf (D:2)
1 creature vanquished.

Vanquished Creatures (others)
  2 fungi (D:2)
  2 plants (D:1)
4 creatures vanquished.

Grand Total: 95 creatures vanquished

Notes
Turn   | Place    | Note
-------+----------+-------------------------------------------
     0 | D:1      | ytrimaz the Octopode Transmuter began the quest for the
                  | Orb.
     0 | D:1      | Reached XP level 1. HP: 13/13 MP: 3/3
    59 | D:1      | Found a faded altar of an unknown god.
   138 | D:1      | Prayed at the altar of an unknown god.
   138 | D:1      | Became a worshipper of Xom the Elder Chaos God
   199 | D:1      | Reached XP level 2. HP: 17/18 MP: 5/5
   278 | D:1      | XOM: butterfly on damage
  1026 | D:1      | XOM: 1-stop teleportation journey
  1101 | D:1      | XOM: smoke on damage
  1183 | D:1      | Reached XP level 3. HP: 22/23 MP: 6/6
  1189 | D:1      | XOM: 4-stop teleportation journey
  1935 | D:2      | XOM: 2-stop teleportation journey
  2048 | D:2      | Found a runed translucent door.
  2049 | D:2      | Noticed Crazy Yiuf
  2117 | D:2      | XOM: noise
  2139 | D:2      | Reached skill level 4 in Unarmed Combat
  2159 | D:2      | XOM: noise
  2207 | D:2      | Reached XP level 4. HP: 7/29 MP: 7/7
  2379 | D:2      | XOM: 7-stop teleportation journey
  2531 | D:2      | XOM: scenery: create altars
  2738 | D:2      | XOM: god gift: pink potion {god gift}
  2777 | D:2      | XOM: 9-stop teleportation journey
  2926 | D:2      | XOM: divination: magic mapping
  3292 | D:2      | XOM: summons friendly ufetubus
  3295 | D:2      | Killed Crazy Yiuf
  3528 | D:2      | XOM: polymorph ufetubus -> iron imp
  3533 | D:2      | Learned a level 3 spell: Spider Form
  3831 | D:3      | XOM: god gift: scroll labelled JESMIN SEMU {god gift}
  3855 | D:3      | Reached XP level 5. HP: 23/34 MP: 6/8
  3856 | D:3      | XOM: smoke on damage
  4249 | D:3      | Found a transporter.
  4304 | D:3      | Reached skill level 5 in Unarmed Combat
  4463 | D:3      | Found a transporter.
  4467 | D:3      | Noticed AmazingEquinox's ghost (amateur DsAK)
  4477 | D:3      | XOM: scenery: summon butterflies
  4519 | D:3      | XOM: give mutations
  4519 | D:3      | Gained mutation: You are strong-willed. (Will+) [Xom's
                  | grace]
  4519 | D:3      | Gained mutation: You have an increased reservoir of magic.
                  | (+10% MP) [Xom's grace]
  4519 | D:3      | Gained mutation: Your muscles are strong. (Str +2) [Xom's
                  | grace]
  4595 | D:3      | XOM: cloud trail
  4892 | D:4      | Reached XP level 6. HP: 35/41 MP: 9/11
  5024 | D:3      | XOM: 2-stop teleportation journey
  5052 | D:3      | XOM: god gift: robe {god gift}
  5215 | D:4      | XOM: divination: magic mapping
  5460 | D:4      | XOM: scenery: summon butterflies
  5483 | D:4      | Frozen to death by an endoplasm

Illustrated notes

Levels and vault maps discovered:
D:1:      dpeg_arrival_line_fractal, layout_loops_corners,
          ebering_ecumenical_altar_hall, serial_forest,
          infiniplex_forest_clump_large, infiniplex_forest_end_1,
          infiniplex_forest_lined_1, infiniplex_forest_clump_tiny,
          infiniplex_forest_zigzag_1, infiniplex_forest_corner_1,
          infiniplex_forest_side_room, minmay_octomino_j4
D:2:      layout_loops_ring, uniq_crazy_yiuf_cottage
D:3:      layout_loops_cross, gammafunk_ghost_stat_death,
          chequers_serial_rivers_micro_d, minmay_cupped
D:4:      cheibrodos_thug_alley, layout_basic, ebering_ghost_sewer_d,
          minmay_bisected, uniq_blork_the_orc

Skill      XL: |  1  2  3  4  5  6 |
---------------+-------------------+-----
Unarmed Combat | 4 5 |  5.6
Fighting       | 2 |  2.8
Spellcasting   | 3 |  3.0
Dodging        | |  2.0
Transmutations | |  2.8
Poison Magic   | |  0.1

Action                   |  1- 3 |  4- 6 || total
-------------------------+-------+-------++-------
Melee: Unarmed           |   109 |   114 ||   223
       Constrict         |    24 |    25 ||    49
       Tentacles         |    12 |    18 ||    30
       Kick              |     6 |    12 ||    18
       Punch             |     2 |     1 ||     3
 Cast: Beastly Appendage |    11 |    12 ||    23
       Spider Form       |       |     3 ||     3
  Use: Scroll            |     3 |     6 ||     9
       Potion            |     3 |     1 ||     4
 Stab: Sleeping          |     8 |     2 ||    10
       Distracted        |     1 |     1 ||     2
Armor: Skin              |     9 |     7 ||    16
Dodge: Dodged            |    60 |    93 ||   153

Table legend: (Time is in decaauts)
 A = Elapsed time spent in this place.
 B = Non-inter-level travel time spent in this place.
 C = Inter-level travel time spent in this place.
 D = Time resting spent in this place.
 E = Time spent auto-exploring this place.
 F = Levels seen in this place.
 G = Mean time per level.
                   A        B        C        D        E       F      G
               +--------+--------+--------+--------+--------+-----+--------+
         Total |   5466 |   5367 |     99 |    285 |   4283 |   4 | 1366.5 |
       Dungeon |   5466 |   5367 |     99 |    285 |   4283 |   4 | 1366.5 |
               +--------+--------+--------+--------+--------+-----+--------+

Top non-repeatable levels by time:
     D:1: 1917 daAuts
     D:2: 1609 daAuts
     D:3: 1450 daAuts
     D:4: 489 daAuts
